 Dungeon Crawl Stone Soup version 0.29-a0-416-g83a48905f1 (webtiles) character file.

Game seed: 11405071095606649054

81 Pooter the Prestidigitator (level 4, -3/48 HPs)
             Began as a Gnoll Wanderer on May 16, 2022.
             Slain by Robin
             ... wielding a +3 spear
              (5 damage)
             ... on level 2 of the Dungeon.
             The game lasted 00:15:49 (2713 turns).

Pooter the Prestidigitator (Gnoll Wanderer)         Turns: 2713, Time: 00:15:49

Health: -3/48      AC: 22    Str: 10 (13) XL:     4   Next: 40%
Magic:  14/14      EV:  2    Int:  8 (10) God:
Gold:   96         SH:  0    Dex: 11 (13) Spells: 5/5 levels left

rFire   . . .      SeeInvis .   b - +0 hunting sling
rCold   . . .      Faith    .   (no shield)
rNeg    . . .      Spirit   .   (body armour currently unavailable)
rPois   +          Reflect  .   (helmet currently unavailable)
rElec   .          Harm     .   (cloak currently unavailable)
rCorr   .          Rampage  .   (gloves currently unavailable)
Will    .....      NoTele   +   (boots currently unavailable)
Stlth   +.........              (no amulet)
HPRegen 0.16/turn               n - ring of magical power
MPRegen 0.14/turn               (no ring)

@: tree-form, weak-willed
A: stationary, stasis, torment immunity, boosted hp, (fangs 1), strong nose,
distributed training
a: no special abilities


You were on level 2 of the Dungeon.
You were a tree.
You visited 1 branch of the dungeon, and saw 3 of its levels.

You collected 96 gold pieces.

Inventory:

Hand Weapons
 a - a +0 flail
   (You found it on level 3 of the Dungeon)
 b - a +0 hunting sling (weapon)
   (You found it on level 3 of the Dungeon)
 o - a +0 falchion
 r - a +0 quarterstaff
   (You found it on level 2 of the Dungeon)
Missiles
 Q - 99 stones
Armour
 c - a +0 cloak (melded)
 e - a +0 leather armour
 h - a +0 plate armour (melded)
   (You found it on level 1 of the Dungeon)
 k - a +0 pair of boots (melded)
   (You found it on level 1 of the Dungeon)
Magical Staves
 j - a staff of poison
   (You found it on level 1 of the Dungeon)
Jewellery
 n - a ring of magical power (left branch)
   (You found it on level 2 of the Dungeon)
Wands
 p - a wand of polymorph (21)
Scrolls
 g - a scroll of noise {!r}
 i - a scroll of identify {@r1}


   Skills:
 + Level 1.1 Fighting
 + Level 1.1 Short Blades
 + Level 4.6 Long Blades
 + Level 1.1 Axes
 + Level 1.1 Maces & Flails
 + Level 1.1 Polearms
 + Level 1.1 Staves
 + Level 1.1 Slings
 + Level 1.1 Bows
 + Level 1.1 Crossbows
 + Level 2.7 Throwing
 + Level 2.7 Armour
 + Level 4.6 Dodging
 + Level 1.1 Stealth
 + Level 1.1 Shields
 + Level 1.1 Unarmed Combat
 + Level 1.1 Spellcasting
 + Level 0.9 Conjurations
 + Level 0.9 Hexes
 + Level 0.9 Summonings
 + Level 0.9 Necromancy
 + Level 0.9 Translocations
 + Level 0.9 Transmutations
 + Level 0.9 Fire Magic
 + Level 0.9 Ice Magic
 + Level 0.9 Air Magic
 + Level 0.9 Earth Magic
 + Level 0.9 Poison Magic
 + Level 1.2 Invocations
 + Level 8.5 Evocations


You had 5 spell levels left.
You didn't know any spells.
Your spell library contained the following spells:

 Spells                   Type           Power      Damage    Failure   Level
 Cause Fear               Hex            0%         N/A       95%         4
 Fireball                 Conj/Fire      0%         3d3       100%        5
 Iskenderun's Battlesphe  Conj           1%         2d6       100%        5
 Conjure Ball Lightning   Conj/Air       0%         3x3d6     100%        6
 Dragon Form              Tmut           0%         N/A       100%        7
 Orb of Destruction       Conj           0%         9d5       100%        7
 Dragon's Call            Summ           0%         N/A       100%        9


Dungeon Overview and Level Annotations

Branches:
Dungeon (3/15)

Altars:

Shops:
D:1 [

Annotations:
D:2 Robin


Innate Abilities, Weirdness & Mutations

You are a tree.
Your roots penetrate the ground, keeping you stationary.
You cannot be teleported.
You are immune to unholy pain and torment.
Your maximum health is greatly increased.
Your equipment is partially melded.
((You have very sharp teeth.))
Your uncanny sense of smell can sniff out nearby items.
Your experience applies equally to all skills.


Message History

The hobgoblin hits you but does no damage.
Robin hits you but does no damage.
It was a potion of degeneration.
There was something very wrong with that liquid.
You feel weakened.
You feel dopey.
You feel clumsy. The bat hits you but does no damage.
The hobgoblin hits you but does no damage.
Robin hits you but does no damage.
As you read the scroll labelled DEYRRE CEMPU, it crumbles to dust.
It is a scroll of identify.
g - a scroll of noise The bat hits you but does no damage.
The hobgoblin barely misses you. Robin hits you but does no damage.
As you read the scroll labelled KILIN BUERYD, it crumbles to dust.
Magic quickly surges around you.
It was a scroll of vulnerability.
The bat hits you but does no damage.
The hobgoblin hits you but does no damage.
Robin hits you but does no damage.
You hit the hobgoblin. The bat hits you but does no damage. x2
The hobgoblin hits you but does no damage.
Robin hits you from afar with a +3 spear.
* * * LOW HITPOINT WARNING * * *
You sock the hobgoblin!
You kill the hobgoblin!
Robin points. "Kill!"
Robin hits you but does no damage. The bat barely misses you.
Robin hits you but does no damage.
b - a +0 hunting sling (weapon)
The bat hits you but does no damage.
Fire: b) +0 hunting sling
Okay, then.
You are too injured to fight recklessly!
Fire: b) +0 hunting sling
Aim: a bat (weak-willed, 31% to hit)
You shoot a sling bullet. The sling bullet misses the bat.
The bat hits you but does no damage. Robin barely misses you.
Robin hits you from afar with a +3 spear.
* * * LOW HITPOINT WARNING * * *
The bat hits you but does no damage.
Unknown command.
Fire: b) +0 hunting sling
Aim: Robin, wielding a +3 spear, wearing a +0 animal skin and wearing a +0 helmet (severely wounded, weak-willed, 59% to hit)
You shoot a sling bullet. The sling bullet hits Robin.
The bat hits you but does no damage. x2; Robin barely misses you.
Fire: b) +0 hunting sling
Aim: Robin, wielding a +3 spear, wearing a +0 animal skin and wearing a +0 helmet (almost dead, weak-willed, 59% to hit)
You shoot a sling bullet. The sling bullet barely misses Robin.
The bat hits you but does no damage. x2
Robin hits you from afar with a +3 spear.
You die...

#.......##......# #...#
#########################.#.#
.. .............#.#
.####.####.####.#.# # '.
#.#..'.'†.#.#.#### #.
#.#..#.#..#.#.....
#'##.#'##.#'##.#'##.######
∆.......g)[b.........# #
#'##.#'##♣#'##.#+##.# #.
#.#..#.# #.# ∆ #. +.+.[#.# ∆
## #.####.# # ∆ ... ... #
#### ### ####. # .... .. ..#
..[. ##...#####. #.#####... #
#..........##........ ∆ #


You could see Robin (weak-willed) and a bat (weak-willed).

Vanquished Creatures
  2 adders (D:2)
  2 worms
  A dart slug (D:1)
  2 ball pythons
  3 bats
  7 endoplasms
  2 giant cockroaches
  13 goblins
  6 hobgoblins
  3 jackals
  2 kobolds
  4 frilled lizards
  A rat (D:2)
48 creatures vanquished.

Notes
Turn   | Place    | Note
-------+----------+-------------------------------------------
     0 | D:1      | Pooter the Gnoll Wanderer began the quest for the Orb.
     0 | D:1      | Pooter set off with the following items: a +0 falchion, a
                  | wand of polymorph (19), a +0 cloak, a potion of
                  | invisibility, a +0 leather armour
     0 | D:1      | Reached XP level 1. HP: 13/13 MP: 1/1
    81 | D:1      | Found Rygyej's Antique Armour Shoppe.
   241 | D:1      | Reached XP level 2. HP: 6/19 MP: 2/2
  1689 | D:2      | Reached XP level 3. HP: 22/25 MP: 3/3
  2042 | D:3      | Reached skill level 1 in Invocations
  2240 | D:2      | Noticed Jessica
  2246 | D:2      | Noticed Jessica
  2246 | D:2      | Jessica changed into Jessica the jackal
  2248 | D:2      | Killed Jessica the jackal
  2262 | D:2      | Reached skill level 1 in Fighting
  2262 | D:2      | Reached skill level 1 in Short Blades
  2262 | D:2      | Reached skill level 1 in Axes
  2262 | D:2      | Reached skill level 1 in Maces & Flails
  2262 | D:2      | Reached skill level 1 in Polearms
  2262 | D:2      | Reached skill level 1 in Staves
  2262 | D:2      | Reached skill level 1 in Slings
  2262 | D:2      | Reached skill level 1 in Bows
  2262 | D:2      | Reached skill level 1 in Crossbows
  2262 | D:2      | Reached skill level 1 in Stealth
  2262 | D:2      | Reached skill level 1 in Shields
  2262 | D:2      | Reached skill level 1 in Unarmed Combat
  2262 | D:2      | Reached skill level 1 in Spellcasting
  2421 | D:2      | Reached XP level 4. HP: 30/32 MP: 5/5
  2662 | D:2      | Noticed Robin
  2708 | D:2      | HP: 2/48 [Robin/+3 spear (2)]
  2713 | D:2      | Slain by Robin

Illustrated notes

Levels and vault maps discovered:
D:1:      dpeg_arrival_rhombi, layout_basic, serial_shops, shop_fountains
D:2:      minmay_door_path, layout_loops_cross, corner_web_ring, uniq_jessica,
          uniq_robin
D:3:      layout_rooms

Skill      XL: |  1  2  3 |
---------------+----------+-----
Invocations    | 1 |  1.2
Fighting       | 1 |  1.1
Short Blades   | 1 |  1.1
Axes           | 1 |  1.1
Maces & Flails | 1 |  1.1
Polearms       | 1 |  1.1
Staves         | 1 |  1.1
Slings         | 1 |  1.1
Bows           | 1 |  1.1
Crossbows      | 1 |  1.1
Stealth        | 1 |  1.1
Shields        | 1 |  1.1
Unarmed Combat | 1 |  1.1
Spellcasting   | 1 |  1.1
Long Blades    | |  4.6
Throwing       | |  2.7
Armour         | |  2.7
Dodging        | |  4.6
Conjurations   | |  0.9
Hexes          | |  0.9
Summonings     | |  0.9
Necromancy     | |  0.9
Translocations | |  0.9
Transmutations | |  0.9
Fire Magic     | |  0.9
Ice Magic      | |  0.9
Air Magic      | |  0.9
Earth Magic    | |  0.9
Poison Magic   | |  0.9
Evocations     | |  8.5

Action                   |  1- 3 |  4- 6 || total
-------------------------+-------+-------++-------
Melee: Falchion          |    47 |       ||    47
       Bite              |     8 |     3 ||    11
       Quarterstaff      |    28 |       ||    28
       Flail             |    18 |    56 ||    74
       Punch             |       |     3 ||     3
 Fire: Hunting sling     |    17 |    12 ||    29
Throw: Stone             |    47 |       ||    47
Evoke: Wand              |     4 |       ||     4
  Use: Potion            |       |     6 ||     6
       Scroll            |       |     2 ||     2
 Stab: Invisible         |       |     2 ||     2
Armor: Plate armour      |   110 |   144 ||   254
       Leather armour    |     1 |       ||     1
       Skin              |       |    23 ||    23
Dodge: Dodged            |    26 |    29 ||    55

Table legend: (Time is in decaauts)
 A = Elapsed time spent in this place.
 B = Non-inter-level travel time spent in this place.
 C = Inter-level travel time spent in this place.
 D = Time resting spent in this place.
 E = Time spent auto-exploring this place.
 F = Levels seen in this place.
 G = Mean time per level.
                   A        B        C        D        E       F      G
               +--------+--------+--------+--------+--------+-----+--------+
         Total |   2777 |   2606 |    171 |    303 |   1750 |   3 |  925.7 |
       Dungeon |   2777 |   2606 |    171 |    303 |   1750 |   3 |  925.7 |
               +--------+--------+--------+--------+--------+-----+--------+

Top non-repeatable levels by time:
     D:1: 1541 daAuts
     D:2: 991 daAuts
     D:3: 244 daAuts
